 Dungeon Sprint DCSS version 0.18.1-50-g88ac8fd (webtiles) character file.

291 mopl the Covert (level 6, 28/28 HPs)
             Began as a Spriggan Enchanter on May 13, 2017.
             Was an Initiate of Sif Muna (penitent).
             Got out of the dungeon alive.
             The game lasted 00:01:15 (516 turns).

mopl the Covert (Spriggan Enchanter)                 Turns: 516, Time: 00:01:15

Health: 28/28      AC:  3    Str:  4    XL:     6   Next: 10%
Magic:  11/11      EV: 18    Int: 16    God:    Sif Muna [*]
Gold:   162        SH:  0    Dex: 19    Spells: 2 memorised, 5 levels left

rFire  . . .     SeeInvis +     a - +1 dagger
rCold  . . .     Gourm    .     b - +1 robe
rNeg   . . .     Faith    .     (shield restricted)
rPois  .         Spirit   .     (helmet restricted)
rElec  .         Dismiss  .     (no cloak)
rCorr  .         Reflect  .     (gloves unavailable)
SustAt .         Harm     .     (boots unavailable)
MR     +....     NoTele   +     (no amulet)
Stlth  +++++++...               (no ring)
                                (no ring)

@: very quick, somewhat resistant to hostile enchantments, extremely stealthy
A: unfitting armour, see invisible, herbivore 3, speed 3, slow metabolism 2
a: Renounce Religion


You escaped.
You worshipped Sif Muna.
Sif Muna was demanding penance.
You were not hungry.

You visited 1 branch You collected 162 gold pieces.

Inventory:

Hand Weapons
 a - a +1 dagger (weapon)
Armour
 b - a +1 robe (worn)
Jewellery
 i - an uncursed ring of ice {unknown}
Scrolls
 j - a scroll of blinking
Potions
 e - a potion of curing
 f - a potion of heal wounds
 g - a potion of haste
 h - 2 potions of magic
Comestibles
 d - a bread ration


   Skills:
 + Level 7.6 Short Blades
 - Level 3.0 Dodging
 * Level 14.9 Stealth
 - Level 2.6 Spellcasting
 + Level 6.3 Hexes


You had 5 spell levels left.
You knew the following spells:

 Your Spells              Type           Power        Failure   Level  Hunger
b - Ensorcelled Hibernat  Hex/Ice        ##....       10%         2    ##.....
c - Confuse               Hex            ###.....     6%          3    ###....


Dungeon Overview and Level Annotations

Branches:
Dungeon (1/1)

Altars:
Sif Muna
Vehumet


Innate Abilities, Weirdness & Mutations

You are tiny and cannot use many weapons and most armour.
You have supernaturally acute eyesight.
You are a herbivore.
You cover ground extremely quickly.
You need consume almost no food.


Message History

You feel agile.
There is a deep blue altar of Sif Muna here.
You can't go up here!
You kneel at the altar of Sif Muna.
Sif Muna welcomes you!
Read which item? (? for menu, Esc to quit)
Forgetting Corona from the book of Maledictions will destroy the book and put you under penance!
Are you sure?
As you tear out the page describing Corona, the book crumbles to dust.
Your memory of Corona unravels.
You feel very guilty. "You will pay for your transgression, mortal!"
You see here a ring mail.
There is an open door here.
There is an open door here.
There is an open door here.
There is an open door here.
There is an open door, spattered with blood here.
You see here a dagger.
There is a staircase leading out of the dungeon here.
Are you sure you want to leave the Dungeon?
This will make you lose the game!
You have escaped!

################
#@.#..'..#.)'..#
#..)..#..'..#..+
#..#####'#####'#
#..# #..# #.#
#..# #### ##[#
#.)# #+#..+ #⌠⌠#
+..._# ####
#_.#+# ##+


There were no monsters in sight!

Vanquished Creatures
  Sigmund (D)
  An ogre (D)
  A jelly (D)
  Ijyb (D)
4 creatures vanquished.

Notes
Turn   | Place    | Note
--------------------------------------------------------------
     0 | D        | mopl the Spriggan Enchanter began the quest for the Orb.
     0 | D        | Reached XP level 1. HP: 9/9 MP: 5/5
     2 | D        | Noticed Ijyb
    12 | D        | Killed Ijyb
    12 | D        | Reached skill level 3 in Short Blades
    12 | D        | Reached skill level 8 in Stealth
    12 | D        | Reached XP level 2. HP: 9/13 MP: 6/6
   171 | D        | Noticed an ogre
   188 | D        | Learned a level 2 spell: Ensorcelled Hibernation
   190 | D        | Killed an ogre
   190 | D        | Reached skill level 5 in Short Blades
   190 | D        | Reached skill level 12 in Stealth
   190 | D        | Reached XP level 3. HP: 2/16 MP: 2/8
   190 | D        | Reached XP level 4. HP: 2/21 MP: 2/9
   456 | D        | Learned a level 3 spell: Confuse
   472 | D        | Noticed Sigmund
   475 | D        | Killed Sigmund
   475 | D        | Reached skill level 7 in Short Blades
   475 | D        | Reached skill level 14 in Stealth
   475 | D        | Reached skill level 6 in Hexes
   475 | D        | Reached XP level 5. HP: 24/24 MP: 10/10
   487 | D        | Found a deep blue altar of Sif Muna.
   489 | D        | Found a radiant altar of Vehumet.
   494 | D        | Reached XP level 6. HP: 28/28 MP: 11/11
   496 | D        | Became a worshipper of Sif Muna the Loreminder
   497 | D        | Was placed under penance by Sif Muna
   516 | D        | Got out of the dungeon alive.

Skill      XL: |  1  2  3  4 |
---------------+-------------+-----
Short Blades   | 3 5 7 |  7.6
Stealth        | 8 12 14 | 14.9
Hexes          | 6 |  6.3
Dodging        | |  3.0
Spellcasting   | |  2.6

Action                   |  1- 3 |  4- 6 || total
-------------------------+-------+-------++-------
Melee: Dagger            |     9 |     2 ||    11
 Cast: Ensorcelled Hiber |     2 |       ||     2
       Corona            |     1 |       ||     1
  Use: Potion            |     1 |       ||     1
 Stab: Sleeping          |     1 |     2 ||     3
Armor: Robe              |     1 |       ||     1
Dodge: Dodged            |     4 |       ||     4
